 Dungeon Crawl Stone Soup version 0.29.0-4-gdea44cf6ec (webtiles) character file.

Game seed: 14824303228634779936

289 qw the Cleaver (level 6, 0/52 HPs)
             Began as a Minotaur Berserker on Sept 4, 2022.
             Was a Believer of Trog.
             Slain by a worm (4 damage)
             ... on level 4 of the Dungeon.
             The game lasted 00:01:05 (2725 turns).

qw the Cleaver (Minotaur Berserker)                 Turns: 2725, Time: 00:01:06

Health: 0/52       AC: 13    Str: 23    XL:     6   Next: 9%
Magic:  5/5        EV:  8    Int:  4    God:    Trog [**....]
Gold:   175        SH:  0    Dex: 10    Spells: 5/5 levels left

rFire   + . .      SeeInvis .   g - +0 hand axe (vamp)
rCold   + . .      Faith    .   (no shield)
rNeg    . . .      Spirit   .   o - +1 chain mail {rF+}
rPois   .          Reflect  .   (helmet restricted)
rElec   .          Harm     .   j - +1 cloak
rCorr   .          Rampage  .   c - +0 pair of gloves
Will    .....                   (no boots)
Stlth   ..........              (no amulet)
HPRegen 0.17/turn               b - ring of protection from fire
MPRegen 0.09/turn               d - ring of ice

@: confused, on berserk cooldown, slowed, very slow
A: horns 2, retaliatory headbutt
a: Renounce Religion, Berserk, Trog's Hand


You were on level 4 of the Dungeon.
You worshipped Trog.
Trog was pleased with you.
You visited 1 branch of the dungeon, and saw 4 of its levels.

You collected 257 gold pieces.
You spent 82 gold pieces at shops.


Innate Abilities, Weirdness & Mutations

You have a pair of horns on your head.
You reflexively headbutt those who attack you in melee.


   Skills:
 - Level 4.2 Fighting
 - Level 8.0 Axes
 + Level 2.4 Armour
 - Level 2.1 Dodging


You had 5 spell levels left.
You didn't know any spells.
Your spell library was empty.

Inventory:

Hand Weapons
 g - a +0 vampiric hand axe (weapon)
 l - a +0 flail
Armour
 a - the +2 chain mail of Whack-A-Mole {Harm}
   (You found it on level 2 of the Dungeon)

   Harm:      It increases damage dealt and taken.
 c - a +0 pair of gloves (worn)
 j - a +1 cloak (worn)
 o - a +1 chain mail of fire resistance (worn)
Jewellery
 b - a ring of protection from fire (left hand)
 d - a ring of ice (right hand)
 h - a ring of ice
Scrolls
 m - a scroll of identify
Potions
 e - a potion of lignification {unknown}
 f - a potion of cancellation {unknown}
 n - a potion of mutation {unknown}

Dungeon Overview and Level Annotations

Branches:
Dungeon (4/15)
 Temple: D:4-7

Altars:
Sif Muna
The Shining One

Shops:
D:1 *


Message History

The orc priest calls down the wrath of Beogh upon you.
Beogh smites you! The orc wizard closely misses you. You furiously retaliate!
You headbutt the orc wizard!
You hear a shout!
You hit the orc priest.
The orc priest is almost dead.
You hit the orc wizard but do no damage.
You hit the worm but do no damage.
You hear a shout!
The orc priest barely misses you. You furiously retaliate!
You headbutt the orc priest!
You kill the orc priest!
Trog accepts your kill.
The orc wizard mumbles some strange words.
The orc wizard flickers and vanishes!
Deactivating autopickup; reactivate with Ctrl-A.
The worm barely misses you.
Your Axes skill increases to level 8!
You have reached level 6!
You hit the worm.
The worm is moderately wounded.
You hit something. Something hits you. Something hits you but does no damage.
You hit the worm.
The worm is heavily wounded.
You miss something. The worm bites you. Something hits you but does no damage.
You slash the worm!
You feel better.
The worm is almost dead.
You miss something.
You hear some strange, mumbled words.
You are confused.
The worm bites you but does no damage.
You miss something. Your headbutt misses something. You closely miss the worm.
Something hits you but does no damage. The worm bites you but does no damage.
Something hits you but does no damage.
You closely miss the worm.
The worm is severely wounded.
You miss something. Something hits you but does no damage. The worm bites you.
You die...

#.##.#..####.. #
#.##.#........
#.##....####.###
#.###..........
#/#.......##o#
#............
###.......##.#
###..))###.#
#.).{@)..#
##)#w....#
#%#####.# #.# .#
#o.........
#o.###... .#
#... # ...w.
#.....


You could see a worm.

Vanquished Creatures
  3 orc priests
  2 orc wizards (D:3)
  5 adders
  5 worms
  A dart slug (D:1)
  15 orcs
  4 endoplasms
  2 giant cockroaches (D:2)
  5 goblins
  5 hobgoblins
  3 jackals (D:2)
  3 quokkas
  6 ball pythons
  5 bats
  3 frilled lizards (D:1)
  9 kobolds
  5 rats
81 creatures vanquished.

Notes
Turn   | Place    | Note
-------+----------+-------------------------------------------
     0 | D:1      | qw the Minotaur Berserker began the quest for the Orb.
     0 | D:1      | Reached XP level 1. HP: 19/19 MP: 0/0
     0 | D:1      | 0 ||| qw: Version: 0.1-a-103-gd6f5d3a
     0 | D:1      | 0 ||| qw: Game counter: 5723
     0 | D:1      | 0 ||| qw: Always use a shield: true
     0 | D:1      | 0 ||| qw: Do Orc after D:15 true
     0 | D:1      | 0 ||| qw: Do second Lair branch before Depths: true
     0 | D:1      | 0 ||| qw: Lair rune preference: random
     0 | D:1      | 0 ||| qw: Plans: Normal
     0 | D:1      | 0 ||| PLANNING D:1-11
   125 | D:1      | Reached skill level 4 in Axes
   280 | D:1      | 280 ||| DROPPING +0 club.
   290 | D:1      | Reached XP level 2. HP: 26/26 MP: 1/1
   396 | D:1      | 396 ||| Stepping ~*~*~tactically~*~*~ (stealth).
   406 | D:1      | 406 ||| Stepping ~*~*~tactically~*~*~ (stealth).
   412 | D:1      | Reached ** piety under Trog
   472 | D:1      | Reached skill level 5 in Axes
   662 | D:1      | Found Siphyt's General Store.
   673 | D:1      | 673 ||| BUYING scroll of enchant armour (82 gold).
   673 | D:1      | Bought a scroll of enchant armour for 82 gold pieces
   673 | D:1      | 673 ||| SHOPLISTING scroll of teleportation (33 gold, have
                  | 13).
   703 | D:1      | 703 ||| UPGRADING to +0 leather armour.
   713 | D:1      | 713 ||| DROPPING +0 animal skin.
   714 | D:1      | 714 ||| UPGRADING to +0 cloak.
   719 | D:1      | 719 ||| UPGRADING to +0 ring mail.
   729 | D:1      | 729 ||| DROPPING +0 leather armour.
   730 | D:1      | 730 ||| READING scroll of enchant armour.
   730 | D:1      | 730 ||| ENCHANTING +0 cloak.
   731 | D:1      | 731 ||| READING scroll labelled POM URUOS.
   732 | D:1      | 732 ||| READING scroll labelled GUUBIUNOCERCH.
   833 | D:1      | 833 ||| READING 2 scrolls labelled MUKLAJ KOZIUQU.
   834 | D:1      | 834 ||| READING 2 scrolls labelled UFFYED ECILU.
   835 | D:1      | 835 ||| READING scroll labelled MANNORGH EXAZXA.
   836 | D:1      | 836 ||| DROPPING +0 whip.
   837 | D:1      | 837 ||| DROPPING scroll of fear.
   892 | D:2      | 892 ||| INVOKING Berserk.
   895 | D:2      | Reached XP level 3. HP: 31/31 MP: 2/2
   898 | D:2      | 898 ||| Stepping ~*~*~tactically~*~*~ (stealth).
   900 | D:2      | 900 ||| Stepping ~*~*~tactically~*~*~ (stealth).
  1025 | D:2      | 1025 ||| Stepping ~*~*~tactically~*~*~ (stealth).
  1027 | D:2      | 1027 ||| Stepping ~*~*~tactically~*~*~ (stealth).
  1028 | D:2      | 1028 ||| Stepping ~*~*~tactically~*~*~ (stealth).
  1041 | D:2      | 1041 ||| FLEEEEING.
  1042 | D:2      | 1042 ||| FLEEEEING.
  1043 | D:2      | 1043 ||| FLEEEEING.
  1044 | D:2      | 1044 ||| FLEEEEING.
  1045 | D:2      | 1045 ||| FLEEEEING.
  1046 | D:2      | 1046 ||| FLEEEEING.
  1047 | D:2      | 1047 ||| FLEEEEING.
  1048 | D:2      | 1048 ||| FLEEEEING.
  1091 | D:2      | Identified the +2 chain mail of Whack-A-Mole {Harm}
  1179 | D:2      | 1179 ||| Stepping ~*~*~tactically~*~*~ (stealth).
  1193 | D:2      | Reached skill level 6 in Axes
  1193 | D:2      | Reached XP level 4. HP: 33/39 MP: 3/3
  1258 | D:2      | 1258 ||| FLEEEEING.
  1259 | D:2      | 1259 ||| FLEEEEING.
  1260 | D:2      | 1260 ||| FLEEEEING.
  1261 | D:2      | 1261 ||| FLEEEEING.
  1262 | D:2      | 1262 ||| FLEEEEING.
  1263 | D:2      | 1263 ||| FLEEEEING.
  1264 | D:2      | 1264 ||| FLEEEEING.
  1265 | D:2      | 1265 ||| FLEEEEING.
  1266 | D:2      | 1266 ||| FLEEEEING.
  1267 | D:2      | 1267 ||| FLEEEEING.
  1275 | D:2      | 1275 ||| STAIRDANCE
  1298 | D:1      | 1298 ||| UPGRADING to ring of protection from fire.
  1348 | D:2      | Found a faded altar of an unknown god.
  1550 | D:2      | 1550 ||| UPGRADING to +0 pair of gloves.
  1555 | D:2      | 1555 ||| READING 2 scrolls of identify.
  1555 | D:2      | 1555 ||| IDENTIFYING ruby potion
  1556 | D:2      | 1556 ||| DROPPING potion of brilliance.
  1938 | D:3      | Found a shimmering blue altar of Sif Muna.
  1986 | D:3      | 1986 ||| Stepping ~*~*~tactically~*~*~ (stealth).
  1987 | D:3      | 1987 ||| Stepping ~*~*~tactically~*~*~ (stealth).
  2014 | D:3      | 2014 ||| INVOKING Berserk.
  2015 | D:3      | Reached skill level 7 in Axes
  2015 | D:3      | Reached XP level 5. HP: 45/45 MP: 4/4
  2165 | D:3      | 2165 ||| READING scroll of brand weapon.
  2165 | D:3      | 2165 ||| BRANDING +0 hand axe of flaming.
  2188 | D:3      | 2188 ||| DROPPING +0 whip.
  2259 | D:3      | Found a glowing golden altar of the Shining One.
  2261 | D:3      | 2261 ||| Stepping ~*~*~tactically~*~*~ (stealth).
  2264 | D:3      | 2264 ||| Stepping ~*~*~tactically~*~*~ (hiding).
  2273 | D:3      | 2273 ||| INVOKING Berserk.
  2363 | D:3      | 2363 ||| Stepping ~*~*~tactically~*~*~ (stealth).
  2367 | D:3      | 2367 ||| DROPPING +3 mace.
  2376 | D:3      | 2376 ||| READING scroll of brand weapon.
  2376 | D:3      | 2376 ||| BRANDING +0 hand axe of venom.
  2444 | D:3      | 2444 ||| Stepping ~*~*~tactically~*~*~ (stealth).
  2542 | D:3      | 2542 ||| UPGRADING to +0 chain mail.
  2552 | D:3      | 2552 ||| DROPPING +0 ring mail.
  2553 | D:3      | 2553 ||| UPGRADING to +1 chain mail of fire resistance.
  2563 | D:3      | 2563 ||| DROPPING +0 chain mail.
  2564 | D:3      | 2564 ||| UPGRADING to ring of ice.
  2565 | D:3      | 2565 ||| READING scroll labelled XOOR IVYTESCHEN.
  2569 | D:3      | 2569 ||| READING scroll labelled ORHUDI ZICOSK.
  2570 | D:3      | 2570 ||| DRINKING 3 grey potions.
  2685 | D:4      | 2685 ||| Stepping ~*~*~tactically~*~*~ (hiding).
  2686 | D:4      | 2686 ||| Stepping ~*~*~tactically~*~*~ (hiding).
  2687 | D:4      | 2687 ||| Stepping ~*~*~tactically~*~*~ (hiding).
  2688 | D:4      | 2688 ||| Stepping ~*~*~tactically~*~*~ (hiding).
  2689 | D:4      | 2689 ||| Stepping ~*~*~tactically~*~*~ (hiding).
  2694 | D:4      | 2694 ||| INVOKING Berserk.
  2710 | D:4      | 2710 ||| DRINKING 2 potions of curing.
  2710 | D:4      | 2710 ||| (to cure confusion)
  2713 | D:4      | 2713 ||| DRINKING potion of curing.
  2713 | D:4      | 2713 ||| (to cure confusion)
  2719 | D:4      | HP: 7/46 [orc priest/divine providence (9)]
  2721 | D:4      | Reached skill level 8 in Axes
  2721 | D:4      | Reached XP level 6. HP: 9/52 MP: 5/5
  2722 | D:4      | HP: 1/52 [worm (6)]
  2725 | D:4      | Slain by a worm

Levels and vault maps discovered:
D:1:      pf_arrival_petrified_forest, layout_basic, serial_shops,
          nicolae_lakefront_shop
D:2:      layout_rooms, hellmonk_ecumenical_altar_slurped_away
D:3:      layout_loops_ring, mainiacjoe_overflow_brackets,
          mainiacjoe_overflow_small_starburst, st_stairs_12
D:4:      layout_loops_ring, tgw_kikubaaqudgha, elyvilon_altar_4,
          minmay_temple_entry_ruins, minmay_divided_ellipse

Skill      XL: |  1  2  3  4  5 |
---------------+----------------+-----
Axes           | 4 5 6 7 8 |  8.0
Fighting       | 4 |  4.2
Armour         | |  2.4
Dodging        | |  2.1

Action                   |  1- 3 |  4- 6 || total
-------------------------+-------+-------++-------
Melee: Hand axe          |    60 |    81 ||   141
       Headbutt          |    10 |    10 ||    20
Throw: Boomerang         |    11 |       ||    11
Invok: Berserk           |     1 |     3 ||     4
  Use: Scroll            |     6 |     5 ||    11
       Potion            |       |     3 ||     3
Armor: Animal skin       |     7 |       ||     7
       Ring mail         |    14 |    13 ||    27
       Chain mail        |       |    20 ||    20
Dodge: Dodged            |    35 |    34 ||    69

Table legend:
 A = Non-vault XP
 B = Vault XP
 C = Vault XP percentage of total XP
 D = Non-vault monster count
 E = Vault monster count
 F = Vault count percentage of total count
                 A         B        C        D         E       F
            +---------+---------+-------+---------+---------+-------
      Total |     394 |      19 |   4.6 |      78 |       3 |   3.7
            +---------+---------+-------+---------+---------+-------
        D:1 |      35 |       0 |   0.0 |      23 |       0 |   0.0
        D:2 |      94 |       2 |   2.1 |      24 |       1 |   4.0
        D:3 |     158 |      17 |   9.7 |      21 |       2 |   8.7
        D:4 |     107 |       0 |   0.0 |      10 |       0 |   0.0
            +---------+---------+-------+---------+---------+-------
